MLB
SAN FRANCISCO GIANTS @ ARIZONA DIAMONDBACKS
07/07/2045
 
TOP OF THE 1ST
San Francisco Giants batting - Pitching for Arizona Diamondbacks : RHP Marcus Wolfe
Pitching: RHP Marcus Wolfe
Batting: RHB Nick Rigden 0-0: Foul Ball, location: 2F
0-1: Ground out U3 (Groundball, 34S, EV 83.8 MPH)
Batting: SHB Ryan Doss 0-0: Ball
1-0: Ball
2-0: Ball
3-0: Base on Balls
Batting: LHB Jack Henningar 0-0: Fly out, F8 (Line Drive, 8RM, EV 89.4 MPH)
Batting: RHB Sean Zielinski 0-0: Ball
1-0: Called Strike
1-1: Ball
2-1: Fly out, F7 (Flyball, 7S, EV 81.2 MPH)
Top of the 1st over - 0 runs, 0 hits, 0 errors, 1 left on base; San Francisco 0 - Arizona 0
BOTTOM OF THE 1ST
Arizona Diamondbacks batting - Pitching for San Francisco Giants : RHP Ted Mosley
Pitching: RHP Ted Mosley
Batting: RHB Katilimomi Kelekolio 0-0: Swinging Strike
0-1: Ball
1-1: Called Strike
1-2: Fly out, F9 (Line Drive, 9, EV 88.8 MPH)
Batting: LHB Roy Steigerwald 0-0: Ball
1-0: Ball
2-0: Called Strike
2-1: Foul Ball, location: 2F
2-2: Ball
3-2: Ground out 4-3 (Groundball, 4, EV 85.6 MPH)
Batting: RHB David Price Jr. 0-0: Ball
1-0: Ball
2-0: SOLO HOME RUN (Flyball, 7D, EV 95.6 MPH), Distance : 364 ft
Batting: LHB Eric Klasek 0-0: Ball
1-0: Foul Ball, location: 2F
1-1: Called Strike
1-2: Foul Ball, location: 2F
1-2: Ball
2-2: Strikes out swinging
Bottom of the 1st over - 1 run, 1 hit, 0 errors, 0 left on base; San Francisco 0 - Arizona 1
TOP OF THE 2ND
San Francisco Giants batting - Pitching for Arizona Diamondbacks : RHP Marcus Wolfe
Batting: LHB Tom Best 0-0: SOLO HOME RUN (Flyball, 89XD, EV 96.2 MPH), Distance : 384 ft
Batting: SHB Merrick Geter 0-0: Called Strike
0-1: Fly out, F9 (Flyball, 89D, EV 104.4 MPH)
Batting: LHB John Blair 0-0: Called Strike
0-1: SOLO HOME RUN (Flyball, 7D, EV 97.5 MPH), Distance : 370 ft
Batting: RHB Martin Chavez 0-0: Foul Ball, location: 2F
0-1: Ball
1-1: Ball
2-1: Called Strike
2-2: Strikes out swinging
Batting: LHB Ryan Braden 0-0: Foul Ball, location: 2F
0-1: SINGLE (Groundball, 4M, EV 78.1 MPH) (infield hit)
Batting: RHB Nick Rigden 0-0: Ball
1-0: Called Strike
1-1: Ball
2-1: Swinging Strike
2-2: Foul Ball, location: 2F
2-2: DOUBLE (Flyball, 8RXD, EV 104.4 MPH)
Ryan Braden to third
Runner from 3rd tries for Home, SAFE, throw by CF to home
Batting: SHB Ryan Doss 0-0: Called Strike
0-1: Swinging Strike
0-2: Ball
1-2: Ball
2-2: Hit by Pitch
Batting: LHB Jack Henningar 0-0: Ball
1-0: Foul Ball, location: 2F
1-1: Ball
2-1: Foul Ball, location: 2F
2-2: Foul Ball, location: 2F
2-2: Ball
3-2: Foul Ball, location: 2F
3-2: Base on Balls
Nick Rigden to third
Ryan Doss to second
Batting: RHB Sean Zielinski 0-0: Foul Ball, location: 2F
0-1: Foul Ball, location: 2F
0-2: Ball
1-2: Ball
2-2: Foul Ball, location: 2F
2-2: Ball
3-2: Ground out 5-3 (Groundball, 5, EV 82.5 MPH)
Top of the 2nd over - 3 runs, 4 hits, 0 errors, 3 left on base; San Francisco 3 - Arizona 1
BOTTOM OF THE 2ND
Arizona Diamondbacks batting - Pitching for San Francisco Giants : RHP Ted Mosley
Batting: SHB Perry Tuckfard 0-0: Ball
1-0: Foul Ball, location: 2F
1-1: Foul Ball, location: 2F
1-2: Ball
2-2: Strikes out swinging
Batting: SHB Aldo Questi 0-0: Swinging Strike
0-1: Foul Ball, location: 2F
0-2: Foul Ball, location: 2F
0-2: Ball
1-2: Foul Ball, location: 2F
1-2: Ball
2-2: Foul Ball, location: 2F
2-2: Foul Ball, location: 2F
2-2: Ball
3-2: DOUBLE (Groundball, 5L, EV 108.8 MPH)
Batting: RHB Jon Solano 0-0: Ball
1-0: Foul Ball, location: 2F
1-1: Ball
2-1: Called Strike
2-2: SINGLE (Groundball, 56D, EV 105.0 MPH)
Aldo Questi to third
Runner from 3rd tries for Home, SAFE, throw by LF to home
Batting: SHB Andrew Wray II 0-0: Called Strike
0-1: Ball
1-1: Ball
Wild Pitch!
Jon Solano to second
2-1: Foul Ball, location: 2F
2-2: Ball
3-2: Foul Ball, location: 2F
3-2: Ground out 6-3 (Groundball, 6D, EV 104.4 MPH)
Batting: LHB Jeff Densmore 0-0: Swinging Strike
0-1: Swinging Strike
0-2: Ball
1-2: DOUBLE (Flyball, 8LXD, EV 98.1 MPH)
Jon Solano scores
Batting: RHB Katilimomi Kelekolio 0-0: Foul Ball, location: 2F
0-1: Ball
1-1: Ground out 4-3 (Groundball, 4, EV 84.4 MPH)
Bottom of the 2nd over - 2 runs, 3 hits, 0 errors, 1 left on base; San Francisco 3 - Arizona 3
TOP OF THE 3RD
San Francisco Giants batting - Pitching for Arizona Diamondbacks : RHP Marcus Wolfe
Batting: LHB Tom Best 0-0: Ball
1-0: Foul Ball, location: 2F
1-1: Foul Ball, location: 2F
1-2: Ball
2-2: Ground out U3 (Groundball, 3S, EV 82.5 MPH)
Batting: SHB Merrick Geter 0-0: Ball
1-0: Called Strike
1-1: Ball
2-1: Fly out, F8 (Flyball, 8RS, EV 82.5 MPH)
Batting: LHB John Blair 0-0: Ball
1-0: Foul Ball, location: 2F
1-1: SINGLE (Line Drive, 8LS, EV 103.1 MPH)
Batting: RHB Martin Chavez 0-0: Foul Ball, location: 2F
0-1: Fly out, F9 (Line Drive, 9, EV 90.0 MPH)
Top of the 3rd over - 0 runs, 1 hit, 0 errors, 1 left on base; San Francisco 3 - Arizona 3
BOTTOM OF THE 3RD
Arizona Diamondbacks batting - Pitching for San Francisco Giants : RHP Ted Mosley
Batting: LHB Roy Steigerwald 0-0: Called Strike
0-1: Swinging Strike
0-2: Ball
1-2: Ball
2-2: Fly out, F7 (Flyball, 7D, EV 98.8 MPH)
Batting: RHB David Price Jr. 0-0: Ball
1-0: Called Strike
1-1: Ball
2-1: Called Strike
2-2: Ball
3-2: Base on Balls
Batting: LHB Eric Klasek 0-0: Called Strike
0-1: Ball
1-1: Ball
2-1: Ball
Wild Pitch!
David Price Jr. to second
3-1: Swinging Strike
3-2: Fly out, F5 (Line Drive, 6, EV 66.2 MPH)
Batting: SHB Perry Tuckfard 0-0: Ball
1-0: Ball
2-0: Swinging Strike
2-1: Ball
3-1: Foul Ball, location: 2F
3-2: Base on Balls
Batting: SHB Aldo Questi 0-0: Ball
1-0: Fly out, F7 (Flyball, 7S, EV 64.4 MPH)
Bottom of the 3rd over - 0 runs, 0 hits, 0 errors, 2 left on base; San Francisco 3 - Arizona 3
TOP OF THE 4TH
San Francisco Giants batting - Pitching for Arizona Diamondbacks : RHP Marcus Wolfe
Batting: LHB Ryan Braden 0-0: Ball
1-0: Bunt missed!
1-1: Swinging Strike
1-2: Ball
2-2: Ground out 1-3 (Groundball, 15S, EV 76.2 MPH)
Batting: RHB Nick Rigden 0-0: Called Strike
0-1: SINGLE (Line Drive, 6MD, EV 98.1 MPH)
Batting: SHB Ryan Doss 0-0: Ball
Nick Rigden steals 2nd base
1-0: Called Strike
1-1: Ball
2-1: Fly out, F8 (Flyball, 8LM, EV 87.5 MPH)
Batting: LHB Jack Henningar 0-0: Ball
1-0: Ball
2-0: Ball
3-0: Base on Balls
Batting: RHB Sean Zielinski 0-0: Called Strike
0-1: Ball
1-1: Foul Ball, location: 2F
1-2: Ball
2-2: Ball
3-2: DOUBLE (Line Drive, 78D, EV 110.0 MPH)
Nick Rigden scores
Jack Henningar to third
Jack Henningar scores
Pitching: LHP John Salzmann
Batting: LHB Tom Best 0-0: Called Strike
0-1: Ball
1-1: Called Strike
1-2: Strikes out swinging
Top of the 4th over - 2 runs, 2 hits, 0 errors, 1 left on base; San Francisco 5 - Arizona 3
BOTTOM OF THE 4TH
Arizona Diamondbacks batting - Pitching for San Francisco Giants : RHP Ted Mosley
Batting: RHB Jon Solano 0-0: Called Strike
0-1: Ball
1-1: Fly out, F9 (Line Drive, 89M, EV 101.2 MPH)
Batting: SHB Andrew Wray II 0-0: Called Strike
0-1: Ball
1-1: Ground out 6-3 (Groundball, 6, EV 101.9 MPH)
Batting: LHB Jeff Densmore 0-0: Called Strike
0-1: Swinging Strike
0-2: Ball
1-2: Strikes out swinging
Bottom of the 4th over - 0 runs, 0 hits, 0 errors, 0 left on base; San Francisco 5 - Arizona 3
TOP OF THE 5TH
San Francisco Giants batting - Pitching for Arizona Diamondbacks : LHP John Salzmann
Batting: SHB Merrick Geter 0-0: Ball
1-0: Fly out, F8 (Flyball, 78M, EV 93.8 MPH)
Batting: LHB John Blair 0-0: Called Strike
0-1: Ball
1-1: Ground out 6-3 (Groundball, 6MS, EV 91.2 MPH)
Batting: RHB Martin Chavez 0-0: Ball
1-0: Ball
2-0: SINGLE (Groundball, 6MD, EV 103.1 MPH)
Batting: LHB Ryan Braden 0-0: Ball
1-0: Called Strike
1-1: Foul Ball, location: 2F
1-2: Ball
2-2: Ball
3-2: Strikes out swinging
Top of the 5th over - 0 runs, 1 hit, 0 errors, 1 left on base; San Francisco 5 - Arizona 3
BOTTOM OF THE 5TH
Arizona Diamondbacks batting - Pitching for San Francisco Giants : RHP Ted Mosley
Batting: RHB Katilimomi Kelekolio 0-0: Ball
1-0: Ball
2-0: Foul Ball, location: 2F
2-1: Foul Ball, location: 2F
2-2: Ground out 5-3 (Groundball, 56, EV 84.4 MPH)
Batting: LHB Roy Steigerwald 0-0: Ground out 6-3 (Groundball, 6, EV 110.0 MPH)
Batting: RHB David Price Jr. 0-0: Called Strike
0-1: Called Strike
0-2: Ball
1-2: Foul Ball, location: 2F
1-2: Fly out, F9 (Flyball, 9LS, EV 74.4 MPH)
Bottom of the 5th over - 0 runs, 0 hits, 0 errors, 0 left on base; San Francisco 5 - Arizona 3
TOP OF THE 6TH
San Francisco Giants batting - Pitching for Arizona Diamondbacks : LHP John Salzmann
Batting: RHB Nick Rigden 0-0: Foul Ball, location: 2F
0-1: Ball
1-1: Ball
2-1: Ball
3-1: Called Strike
3-2: Base on Balls
Batting: SHB Ryan Doss 0-0: Ball
1-0: Swinging Strike
1-1: Ball
2-1: Ball
3-1: Fly out, F9 (Flyball, 9, EV 93.1 MPH)
Pitching: LHP Mario Valdivia
Batting: LHB Jack Henningar 0-0: Ball
Nick Rigden is caught stealing 2nd base 2-6
1-0: Swinging Strike
1-1: Called Strike
1-2: Fly out, F8 (Flyball, 8RD, EV 106.2 MPH)
Top of the 6th over - 0 runs, 0 hits, 0 errors, 0 left on base; San Francisco 5 - Arizona 3
BOTTOM OF THE 6TH
Arizona Diamondbacks batting - Pitching for San Francisco Giants : RHP Ted Mosley
Batting: LHB Eric Klasek 0-0: Ball
1-0: Ball
2-0: Foul Ball, location: 2F
2-1: Ball
3-1: Base on Balls
Pitching: RHP Charles Hewson
Batting: SHB Perry Tuckfard 0-0: Ball
1-0: Ball
2-0: Ball
3-0: SINGLE (Groundball, 34D, EV 96.9 MPH)
Eric Klasek to second
Runner from 2nd tries for 3rd, SAFE, no throw by RF
Batting: SHB Aldo Questi 0-0: Ball
1-0: Ball
Wild Pitch!
Eric Klasek scores
Perry Tuckfard to second
2-0: Ball
3-0: Base on Balls
Batting: RHB Jon Solano 0-0: Foul Ball, location: 2F
0-1: Ball
1-1: Called Strike
1-2: Foul Ball, location: 2F
1-2: Grounds into double play, 4-6-3 (Groundball, 4D, EV 85.6 MPH)
Perry Tuckfard to third
Batting: SHB Andrew Wray II 0-0: Ball
1-0: Ball
2-0: Ground out 1-3 (Groundball, 13S, EV 72.5 MPH)
Bottom of the 6th over - 1 run, 1 hit, 0 errors, 1 left on base; San Francisco 5 - Arizona 4
TOP OF THE 7TH
San Francisco Giants batting - Pitching for Arizona Diamondbacks : LHP Mario Valdivia
Pitching: RHP Willie Nieto
Batting: RHB Sean Zielinski 0-0: Swinging Strike
0-1: Ball
1-1: Foul Ball, location: 2F
1-2: Foul Ball, location: 2F
1-2: Ball
2-2: Ground out 5-3 (Groundball, 5, EV 81.2 MPH)
Pitching: RHP Larry Mathieu
Batting: LHB Tom Best 0-0: Called Strike
0-1: Fly out, F7 (Flyball, 78M, EV 75.6 MPH)
Batting: SHB Merrick Geter 0-0: Called Strike
0-1: Swinging Strike
0-2: Ball
1-2: SINGLE (Line Drive, 8RS, EV 103.8 MPH)
Batting: LHB John Blair 0-0: Ball
1-0: Called Strike
1-1: Ball
2-1: Ground out U3 (Groundball, 34S, EV 85.0 MPH)
Top of the 7th over - 0 runs, 1 hit, 0 errors, 1 left on base; San Francisco 5 - Arizona 4
BOTTOM OF THE 7TH
Arizona Diamondbacks batting - Pitching for San Francisco Giants : RHP Charles Hewson
Pitching: RHP Andrew Kindig
Batting: LHB Jeff Densmore 0-0: Ball
1-0: Ball
2-0: Called Strike
2-1: Swinging Strike
2-2: Ball
3-2: SOLO HOME RUN (Flyball, 8RXD, EV 115.6 MPH), Distance : 454 ft
Batting: RHB Katilimomi Kelekolio 0-0: Called Strike
0-1: Ball
1-1: Ball
2-1: Ball
3-1: Called Strike
3-2: Ground out 5-3 (Groundball, 5, EV 103.8 MPH)
Batting: LHB Roy Steigerwald 0-0: Ball
1-0: Fly out, F7 (Flyball, 7, EV 87.5 MPH)
Batting: RHB David Price Jr. 0-0: Ball
1-0: Foul Ball, location: 2F
1-1: Ground out 6-3 (Groundball, 6, EV 97.5 MPH)
Bottom of the 7th over - 1 run, 1 hit, 0 errors, 0 left on base; San Francisco 5 - Arizona 5
TOP OF THE 8TH
San Francisco Giants batting - Pitching for Arizona Diamondbacks : RHP Larry Mathieu
Batting: RHB Martin Chavez 0-0: Called Strike
0-1: Ball
1-1: Foul Ball, location: 2F
1-2: Ball
2-2: Foul Ball, location: 2F
2-2: Ball
3-2: Ground out 6-3 (Groundball, 6, EV 100.6 MPH)
Batting: LHB Ryan Braden 0-0: Foul Ball, location: 2F
0-1: Ball
1-1: Ball
2-1: Called Strike
2-2: Ground out 4-3 (Groundball, 4, EV 87.5 MPH)
Pinch Hitting: LHB Willis Robles 0-0: Ball
1-0: Called Strike
1-1: Swinging Strike
1-2: Ball
2-2: Ball
3-2: Foul Ball, location: 2F
3-2: Strikes out looking
Top of the 8th over - 0 runs, 0 hits, 0 errors, 0 left on base; San Francisco 5 - Arizona 5
BOTTOM OF THE 8TH
Arizona Diamondbacks batting - Pitching for San Francisco Giants : RHP Andrew Kindig
Now in CF: Willis Robles
Batting: LHB Eric Klasek 0-0: Ball
1-0: Called Strike
1-1: Foul Ball, location: 2F
1-2: Ball
2-2: Ball
3-2: Foul Ball, location: 2F
3-2: Strikes out swinging
Batting: SHB Perry Tuckfard 0-0: Called Strike
0-1: Called Strike
0-2: Ground out U3 (Groundball, 3, EV 88.8 MPH)
Batting: SHB Aldo Questi 0-0: Ball
1-0: Fly out, F8 (Flyball, 89S, EV 78.8 MPH)
Bottom of the 8th over - 0 runs, 0 hits, 0 errors, 0 left on base; San Francisco 5 - Arizona 5
TOP OF THE 9TH
San Francisco Giants batting - Pitching for Arizona Diamondbacks : RHP Larry Mathieu
Pitching: RHP André Gaillard
Batting: SHB Ryan Doss 0-0: Called Strike
0-1: Ball
1-1: Ball
2-1: Ground out 5-3 (Groundball, 56S, EV 69.4 MPH)
Batting: LHB Jack Henningar 0-0: Called Strike
0-1: Foul Ball, location: 2F
0-2: Ball
1-2: Ball
2-2: Foul Ball, location: 2F
2-2: Ground out 4-3 (Groundball, 4, EV 81.9 MPH)
Batting: RHB Sean Zielinski 0-0: Foul Ball, location: 2F
0-1: Called Strike
0-2: Foul Ball, location: 2F
0-2: Ball
1-2: Strikes out swinging
Top of the 9th over - 0 runs, 0 hits, 0 errors, 0 left on base; San Francisco 5 - Arizona 5
BOTTOM OF THE 9TH
Arizona Diamondbacks batting - Pitching for San Francisco Giants : RHP Andrew Kindig
Pitching: LHP Chris Moris
Batting: RHB Jon Solano 0-0: Called Strike
0-1: Fly out, F8 (Flyball, 8LD, EV 82.5 MPH)
Batting: SHB Andrew Wray II 0-0: Ball
1-0: Ball
2-0: SOLO HOME RUN (Flyball, 7D, EV 98.8 MPH), Distance : 357 ft
Bottom of the 9th over - 1 run, 1 hit, 0 errors, 0 left on base; San Francisco 5 - Arizona 6
Game Over ... Arizona defeats San Francisco, 6 to 5
Wednesday, June 22nd , 2022 - OOTP Baseball 23.4 Build 64